2428 views
Uploaded 2021-11-04 10:25:52
Game version 1.32.10
41:35 long 4on4 ladder game on (8)Sanctuary_LV
Saved by lowlyworm
2428 views
Uploaded 2021-11-04 10:25:52
Game version 1.32.10
41:35 long 4on4 ladder game on (8)Sanctuary_LV


215 units @ 29.3k
/ 4.5k
143 buildings @ 17.1k
/ 7.5k



| Scroll of Regeneration | 2 | 200 |
| Potion of Healing | 1 | 150 |
| Scroll of Town Portal | 1 | 350 |
| total: | 4 | 700g |
| Peasant | 26 | 1950 | / | 0 |
| Priest | 4 | 540 | / | 40 |
| Sorceress | 5 | 775 | / | 100 |
| Gryphon Rider | 19 | 5320 | / | 1330 |
| total: | 54 | 8585g | / | 1470w |
| Scout Tower | 13 | 390 | / | 260 |
| Guard Tower | 8 | 560 | / | 400 |
| Arcane Tower | 2 | 140 | / | 100 |
| Altar of Kings | 1 | 180 | / | 50 |
| Farm | 13 | 1040 | / | 260 |
| Lumber Mill | 2 | 240 | / | 0 |
| Town Hall | 5 | 1925 | / | 1025 |
| Blacksmith | 1 | 140 | / | 60 |
| Arcane Vault | 1 | 130 | / | 30 |
| Arcane Sanctum | 1 | 150 | / | 140 |
| Gryphon Aviary | 3 | 420 | / | 450 |
| Keep | 1 | 320 | / | 210 |
| Castle | 1 | 360 | / | 210 |
| total: | 40 | 4615g | / | 2275w |
| 0:08 | Peasant |
| 0:08 | Peasant |
| 0:08 | Peasant |
| 0:08 | Peasant |
| 0:15 | Altar of Kings |
| 0:41 | Farm |
| 0:42 | Farm |
| 0:48 | Peasant |
| 0:48 | Peasant |
| 1:25 | Peasant |
| 1:25 | Peasant |
| 1:54 | Lumber Mill |
| 1:59 | Lumber Mill |
| 2:10 | Peasant |
| 2:10 | Peasant |
| 2:11 | Peasant |
| 2:11 | Peasant |
| 2:25 | Improved Lumber Harvesting |
| 2:34 | Summon Water Elemental |
| 2:38 | Peasant |
| 2:38 | Peasant |
| 3:25 | Peasant |
| 3:32 | Town Hall |
| 3:45 | Keep |
| 3:48 | Blacksmith |
| 3:57 | Scout Tower |
| 4:09 | Scout Tower |
| 4:16 | Blizzard |
| 4:23 | Scout Tower |
| 4:26 | Farm |
| 4:31 | Peasant |
| 4:32 | Peasant |
| 4:33 | Guard Tower |
| 4:42 | Guard Tower |
| 4:44 | Peasant |
| 4:44 | Peasant |
| 4:52 | Guard Tower |
| 5:21 | Scout Tower |
| 5:22 | Scout Tower |
| 5:26 | Improved Masonry |
| 6:19 | Castle |
| 6:20 | Advanced Lumber Harvesting |
| 6:23 | Arcane Sanctum |
| 6:28 | Guard Tower |
| 6:39 | Gryphon Aviary |
| 6:44 | Gryphon Aviary |
| 7:14 | Priest |
| 7:15 | Sorceress |
| 7:20 | Gryphon Aviary |
| 8:16 | Sorceress |
| 8:16 | Sorceress |
| 8:18 | Iron Forged Swords |
| 8:21 | Farm |
| 8:22 | Farm |
| 8:23 | Farm |
| 8:24 | Farm |
| 8:28 | Farm |
| 8:33 | Summon Water Elemental |
| 8:42 | Gryphon Rider |
| 8:45 | Storm Hammers |
| 8:51 | Farm |
| 9:22 | Gryphon Rider |
| 9:23 | Gryphon Rider |
| 9:26 | Gryphon Rider |
| 9:39 | Sorceress Adept Training |
| 9:40 | Priest |
| 9:41 | Studded Leather Armor |
| 9:45 | Farm |
| 9:46 | Farm |
| 9:47 | Farm |
| 9:48 | Farm |
| 10:21 | Gryphon Rider |
| 10:25 | Steel Forged Swords |
| 11:41 | Gryphon Rider |
| 11:47 | Sorceress Master Training |
| 11:50 | Reinforced Leather Armor |
| 12:10 | Gryphon Rider |
| 12:11 | Gryphon Rider |
| 12:12 | Gryphon Rider |
| 12:51 | Priest |
| 13:20 | Gryphon Rider |
| 13:22 | Gryphon Rider |
| 13:45 | Sorceress |
| 14:00 | Brilliance Aura |
| 14:49 | Mithril Forged Swords |
| 14:50 | Priest Adept Training |
| 14:51 | Magic Sentry |
| 17:02 | Holy Light |
| 17:22 | Brilliance Aura |
| 17:53 | Arcane Vault |
| 18:03 | Town Hall |
| 18:09 | Scout Tower |
| 18:10 | Scout Tower |
| 18:13 | Scout Tower |
| 18:14 | Scout Tower |
| 18:19 | Scout Tower |
| 18:20 | Scout Tower |
| 18:38 | Scroll of Regeneration |
| 18:42 | Potion of Healing |
| 18:55 | Guard Tower |
| 19:02 | Arcane Tower |
| 19:20 | Arcane Tower |
| 19:36 | Guard Tower |
| 20:40 | Guard Tower |
| 20:53 | Scroll of Regeneration |
| 21:01 | Scroll of Town Portal |
| 21:51 | Sorceress |
| 22:46 | Divine Shield |
| 22:51 | Storm Bolt |
| 23:01 | Gryphon Rider |
| 23:05 | Gryphon Rider |
| 23:53 | Gryphon Rider |
| 23:54 | Gryphon Rider |
| 24:03 | Priest |
| 24:25 | Scout Tower |
| 24:26 | Scout Tower |
| 24:29 | Advanced Masonry |
| 24:55 | Guard Tower |
| 28:21 | Town Hall |
| 29:09 | Town Hall |
| 29:27 | Gryphon Rider |
| 30:57 | Holy Light |
| 30:59 | Thunder Clap |
| 31:14 | Gryphon Rider |
| 31:15 | Gryphon Rider |
| 31:18 | Gryphon Rider |
| 32:41 | Mass Teleport |
| 33:09 | Storm Bolt |
| 34:05 | Devotion Aura |
| 35:30 | Town Hall |
| 36:39 | Peasant |
| 36:39 | Peasant |
| 36:45 | Peasant |
| 39:58 | Peasant |
| 39:58 | Peasant |
| 40:03 | Peasant |
| 40:25 | Peasant |
| Select group | 951 |
| Right click | 720 |
| Select | 353 |
| Build/train/purchase | 143 |
| Chat | 65 |
| Use ability | 63 |
| Assign group | 31 |
| Minimap ping | 5 |
| Misc. action | 4 |
| Item give/drop | 3 |
| Remove unit | 2 |



x1)
| Potion of Healing | 1 | 150 |
| Scroll of Town Portal | 3 | 1050 |
| Scroll of Healing | 1 | 250 |
| Potion of Lesser Invulnerability | 2 | 300 |
| Tome of Retraining | 1 | 300 |
| total: | 8 | 2050g |
| Peasant | 31 | 2325 | / | 0 |
| Footman | 10 | 1350 | / | 0 |
| Flying Machine | 16 | 1600 | / | 480 |
| Knight | 7 | 1715 | / | 420 |
| Siege Engine | 6 | 1170 | / | 360 |
| Goblin Shredder | 1 | 375 | / | 100 |
| total: | 71 | 8535g | / | 1360w |
| Scout Tower | 15 | 450 | / | 300 |
| Arcane Tower | 4 | 280 | / | 200 |
| Guard Tower | 8 | 560 | / | 400 |
| Altar of Kings | 1 | 180 | / | 50 |
| Farm | 12 | 960 | / | 240 |
| Barracks | 2 | 320 | / | 120 |
| Lumber Mill | 1 | 120 | / | 0 |
| Town Hall | 1 | 385 | / | 205 |
| Blacksmith | 1 | 140 | / | 60 |
| Workshop | 2 | 280 | / | 280 |
| Keep | 1 | 320 | / | 210 |
| Castle | 1 | 360 | / | 210 |
| total: | 35 | 2835g | / | 1255w |
| 0:03 | Peasant |
| 0:03 | Peasant |
| 0:04 | Peasant |
| 0:04 | Peasant |
| 0:09 | Altar of Kings |
| 0:19 | Farm |
| 0:23 | Barracks |
| 0:36 | Peasant |
| 0:57 | Farm |
| 0:59 | Peasant |
| 1:11 | Peasant |
| 1:24 | Footman |
| 1:31 | Peasant |
| 1:36 | Farm |
| 1:45 | Footman |
| 1:52 | Peasant |
| 2:05 | Farm |
| 2:12 | Footman |
| 2:15 | Summon Water Elemental |
| 2:19 | Peasant |
| 2:34 | Footman |
| 2:55 | Peasant |
| 2:55 | Peasant |
| 3:00 | Footman |
| 3:32 | Peasant |
| 3:32 | Peasant |
| 3:57 | Footman |
| 4:07 | Peasant |
| 4:07 | Peasant |
| 4:07 | Peasant |
| 4:10 | Scout Tower |
| 4:30 | Peasant |
| 4:30 | Peasant |
| 4:42 | Scout Tower |
| 4:51 | Arcane Tower |
| 5:14 | Brilliance Aura |
| 5:16 | Arcane Tower |
| 5:39 | Footman |
| 6:25 | Potion of Healing |
| 6:36 | Lumber Mill |
| 6:37 | Peasant |
| 6:37 | Peasant |
| 6:53 | Town Hall |
| 6:55 | Scout Tower |
| 7:20 | Scout Tower |
| 7:22 | Scout Tower |
| 7:25 | Improved Masonry |
| 7:34 | Arcane Tower |
| 7:35 | Scout Tower |
| 7:37 | Scout Tower |
| 7:42 | Peasant |
| 7:42 | Peasant |
| 8:03 | Goblin Shredder |
| 8:07 | Guard Tower |
| 8:09 | Guard Tower |
| 8:45 | Peasant |
| 8:46 | Keep |
| 8:49 | Guard Tower |
| 8:52 | Peasant |
| 9:00 | Improved Lumber Harvesting |
| 9:09 | Scout Tower |
| 9:11 | Scout Tower |
| 9:13 | Scout Tower |
| 9:18 | Peasant |
| 9:19 | Peasant |
| 9:41 | Guard Tower |
| 9:45 | Guard Tower |
| 9:47 | Scout Tower |
| 9:50 | Arcane Tower |
| 9:52 | Scout Tower |
| 10:07 | Peasant |
| 10:07 | Peasant |
| 10:09 | Scout Tower |
| 10:21 | Footman |
| 10:24 | Guard Tower |
| 10:39 | Peasant |
| 10:51 | Footman |
| 10:52 | Blacksmith |
| 11:00 | Guard Tower |
| 11:02 | Peasant |
| 11:25 | Summon Water Elemental |
| 11:58 | Castle |
| 12:02 | Barracks |
| 12:18 | Farm |
| 12:19 | Farm |
| 12:20 | Iron Plating |
| 12:23 | Workshop |
| 12:27 | Footman |
| 12:31 | Advanced Masonry |
| 13:05 | Scout Tower |
| 13:11 | Flying Machine |
| 13:11 | Flying Machine |
| 13:16 | Farm |
| 13:18 | Scout Tower |
| 13:33 | Guard Tower |
| 13:34 | Steel Plating |
| 13:42 | Flying Machine |
| 13:42 | Flying Machine |
| 13:43 | Flying Machine |
| 13:43 | Flying Machine |
| 13:43 | Flak Cannons |
| 14:16 | Flame Strike |
| 14:20 | Knight |
| 14:22 | Farm |
| 14:23 | Farm |
| 14:40 | Knight |
| 14:41 | Animal War Training |
| 15:03 | Flying Machine |
| 15:04 | Flying Machine |
| 15:32 | Knight |
| 15:47 | Brilliance Aura |
| 15:48 | Flame Strike |
| 15:48 | Siphon Mana |
| 15:50 | Healing Spray |
| 15:50 | Acid Bomb |
| 15:56 | Farm |
| 15:57 | Farm |
| 15:58 | Black Gunpowder |
| 15:58 | Iron Forged Swords |
| 16:14 | Scroll of Town Portal |
| 16:14 | Potion of Lesser Invulnerability |
| 16:15 | Scroll of Healing |
| 16:22 | Knight |
| 16:24 | Flying Machine |
| 16:58 | Flying Machine |
| 16:58 | Flying Machine |
| 17:00 | Workshop |
| 17:31 | Flying Machine |
| 17:34 | Flying Machine |
| 18:01 | Flying Machine |
| 18:08 | Flying Machine |
| 18:26 | Flying Machine |
| 19:18 | Barrage |
| 19:19 | Siege Engine |
| 20:46 | Siege Engine |
| 21:11 | Siege Engine |
| 22:15 | Healing Spray |
| 23:43 | Summon Water Elemental |
| 23:51 | Siege Engine |
| 23:55 | Knight |
| 24:40 | Knight |
| 24:41 | Siege Engine |
| 25:03 | Potion of Lesser Invulnerability |
| 25:28 | Tome of Retraining |
| 25:28 | Retrain Hero |
| 25:32 | Brilliance Aura |
| 25:33 | Brilliance Aura |
| 25:33 | Blizzard |
| 25:33 | Blizzard |
| 25:50 | Scroll of Town Portal |
| 27:30 | Siphon Mana |
| 28:24 | Acid Bomb |
| 30:50 | Knight |
| 31:23 | Siege Engine |
| 33:40 | Flame Strike |
| 34:20 | Mass Teleport |
| 35:21 | Farm |
| 36:02 | Healing Spray |
| 36:18 | Scroll of Town Portal |
| Right click | 1705 |
| Select | 844 |
| Select group | 662 |
| Build/train/purchase | 181 |
| Use ability | 89 |
| Assign group | 68 |
| Misc. action | 59 |
| Esc | 9 |
| Item give/drop | 6 |
| Resource trade | 5 |
| Remove unit | 2 |


| Scroll of Regeneration | 1 | 100 |
| Lesser Clarity Potion | 1 | 70 |
| Orb of Fire | 1 | 325 |
| Scroll of Town Portal | 2 | 700 |
| total: | 5 | 1195g |
| Peasant | 26 | 1950 | / | 0 |
| Footman | 1 | 135 | / | 0 |
| Rifleman | 6 | 1230 | / | 180 |
| Gryphon Rider | 4 | 1120 | / | 280 |
| Siege Engine | 6 | 1170 | / | 360 |
| total: | 43 | 5605g | / | 820w |
| Scout Tower | 7 | 210 | / | 140 |
| Guard Tower | 6 | 420 | / | 300 |
| Barracks | 1 | 160 | / | 60 |
| Blacksmith | 2 | 280 | / | 120 |
| Farm | 16 | 1280 | / | 320 |
| Altar of Kings | 1 | 180 | / | 50 |
| Arcane Vault | 1 | 130 | / | 30 |
| Town Hall | 4 | 1540 | / | 820 |
| Lumber Mill | 1 | 120 | / | 0 |
| Gryphon Aviary | 3 | 420 | / | 450 |
| Workshop | 3 | 420 | / | 420 |
| Keep | 1 | 320 | / | 210 |
| Castle | 1 | 360 | / | 210 |
| total: | 39 | 4740g | / | 2410w |
| 0:03 | Peasant |
| 0:03 | Peasant |
| 0:03 | Peasant |
| 0:25 | Barracks |
| 0:29 | Blacksmith |
| 0:33 | Blacksmith |
| 0:35 | Peasant |
| 0:40 | Farm |
| 0:44 | Farm |
| 0:50 | Peasant |
| 1:01 | Peasant |
| 1:14 | Peasant |
| 1:21 | Farm |
| 1:29 | Footman |
| 1:47 | Peasant |
| 1:50 | Rifleman |
| 1:58 | Farm |
| 2:03 | Peasant |
| 2:16 | Rifleman |
| 2:43 | Rifleman |
| 2:55 | Altar of Kings |
| 3:00 | Peasant |
| 3:11 | Peasant |
| 3:18 | Farm |
| 3:25 | Peasant |
| 3:29 | Rifleman |
| 3:37 | Peasant |
| 3:46 | Farm |
| 4:09 | Peasant |
| 4:25 | Farm |
| 4:30 | Peasant |
| 4:31 | Rifleman |
| 4:44 | Arcane Vault |
| 5:14 | Storm Bolt |
| 5:19 | Farm |
| 5:40 | Keep |
| 5:47 | Bash |
| 6:05 | Town Hall |
| 6:15 | Lumber Mill |
| 6:36 | Rifleman |
| 6:47 | Farm |
| 7:30 | Scout Tower |
| 7:31 | Scout Tower |
| 7:32 | Scout Tower |
| 7:33 | Scout Tower |
| 7:34 | Scout Tower |
| 7:36 | Scout Tower |
| 7:38 | Scout Tower |
| 7:40 | Improved Lumber Harvesting |
| 7:44 | Peasant |
| 7:44 | Peasant |
| 7:45 | Peasant |
| 7:57 | Guard Tower |
| 8:00 | Improved Masonry |
| 8:40 | Storm Bolt |
| 8:46 | Castle |
| 8:49 | Advanced Lumber Harvesting |
| 8:51 | Guard Tower |
| 9:23 | Gryphon Aviary |
| 9:24 | Gryphon Aviary |
| 9:25 | Gryphon Aviary |
| 9:44 | Guard Tower |
| 10:08 | Iron Forged Swords |
| 10:08 | Studded Leather Armor |
| 10:32 | Advanced Masonry |
| 11:26 | Gryphon Rider |
| 11:26 | Gryphon Rider |
| 11:26 | Gryphon Rider |
| 11:47 | Guard Tower |
| 11:53 | Bash |
| 12:13 | Gryphon Rider |
| 12:30 | Scroll of Regeneration |
| 12:31 | Lesser Clarity Potion |
| 12:36 | Scroll of Town Portal |
| 12:42 | Imbued Masonry |
| 12:50 | Orb of Fire |
| 12:59 | Farm |
| 13:01 | Farm |
| 13:36 | Storm Hammers |
| 14:14 | Farm |
| 14:31 | Holy Light |
| 14:43 | Workshop |
| 14:48 | Workshop |
| 14:51 | Workshop |
| 15:42 | Farm |
| 15:43 | Farm |
| 15:59 | Guard Tower |
| 16:01 | Black Gunpowder |
| 16:28 | Devotion Aura |
| 16:34 | Barrage |
| 16:35 | Siege Engine |
| 16:37 | Siege Engine |
| 17:14 | Siege Engine |
| 17:43 | Farm |
| 17:45 | Farm |
| 17:51 | Town Hall |
| 18:39 | Siege Engine |
| 19:16 | Storm Bolt |
| 19:30 | Siege Engine |
| 19:38 | Siege Engine |
| 21:11 | Scroll of Town Portal |
| 22:32 | Town Hall |
| 22:45 | Holy Light |
| 24:36 | Peasant |
| 24:36 | Peasant |
| 24:37 | Peasant |
| 24:37 | Peasant |
| 24:40 | Peasant |
| 25:43 | Town Hall |
| 25:53 | Peasant |
| 27:54 | Peasant |
| 27:54 | Peasant |
| 28:23 | Divine Shield |
| 30:38 | Avatar |
| 37:03 | Holy Light |
| 39:48 | Bash |
| Right click | 1417 |
| Select group | 724 |
| Select | 343 |
| Chat | 283 |
| Build/train/purchase | 97 |
| Use ability | 77 |
| Misc. action | 55 |
| Assign group | 28 |
| Minimap ping | 17 |
| Resource trade | 8 |
| Remove unit | 5 |



| Rod of Necromancy | 9 | 1350 |
| Potion of Healing | 4 | 600 |
| Potion of Mana | 3 | 600 |
| Sacrificial Skull | 2 | 100 |
| Orb of Corruption | 1 | 375 |
| Scroll of Town Portal | 9 | 3150 |
| Scroll of Healing | 5 | 1250 |
| Staff of Teleportation | 3 | 450 |
| Staff of Sanctuary | 2 | 500 |
| total: | 38 | 8375g |
| Acolyte | 19 | 1425 | / | 0 |
| Ghoul | 7 | 840 | / | 0 |
| Gargoyle | 13 | 2275 | / | 390 |
| Obsidian Statue | 4 | 800 | / | 140 |
| Meat Wagon | 1 | 230 | / | 50 |
| Abomination | 1 | 240 | / | 70 |
| Goblin Shredder | 2 | 750 | / | 200 |
| total: | 47 | 6560g | / | 850w |
| Nerubian Tower | 3 | 300 | / | 60 |
| Spirit Tower | 1 | 145 | / | 40 |
| Crypt | 4 | 800 | / | 200 |
| Necropolis | 5 | 1125 | / | 0 |
| Altar of Darkness | 1 | 180 | / | 50 |
| Ziggurat | 9 | 1350 | / | 450 |
| Tomb of Relics | 5 | 650 | / | 150 |
| Graveyard | 1 | 215 | / | 0 |
| Slaughterhouse | 2 | 280 | / | 270 |
| Boneyard | 2 | 350 | / | 400 |
| Halls of the Dead | 3 | 960 | / | 630 |
| Black Citadel | 2 | 650 | / | 460 |
| total: | 29 | 4950g | / | 1520w |
| 0:04 | Acolyte |
| 0:09 | Crypt |
| 0:22 | Necropolis |
| 0:28 | Acolyte |
| 0:50 | Altar of Darkness |
| 1:12 | Ghoul |
| 1:49 | Ziggurat |
| 1:55 | Tomb of Relics |
| 2:05 | Ghoul |
| 2:26 | Halls of the Dead |
| 2:26 | Halls of the Dead |
| 2:33 | Ghoul |
| 2:45 | Ghoul |
| 2:46 | Acolyte |
| 3:02 | Rod of Necromancy |
| 3:04 | Frost Nova |
| 3:14 | Ghoul |
| 3:36 | Graveyard |
| 3:41 | Ziggurat |
| 4:35 | Necropolis |
| 4:40 | Dark Ritual |
| 4:57 | Nerubian Tower |
| 5:43 | Goblin Shredder |
| 5:43 | Goblin Shredder |
| 5:52 | Rod of Necromancy |
| 5:53 | Potion of Healing |
| 5:56 | Potion of Mana |
| 6:05 | Acolyte |
| 6:14 | Acolyte |
| 7:22 | Crypt |
| 7:37 | Gargoyle |
| 7:39 | Creature Attack |
| 7:39 | Creature Carapace |
| 8:04 | Rod of Necromancy |
| 8:04 | Potion of Healing |
| 8:05 | Sacrificial Skull |
| 8:21 | Gargoyle |
| 8:32 | Death Coil |
| 8:56 | Gargoyle |
| 9:00 | Gargoyle |
| 9:13 | Gargoyle |
| 9:19 | Black Citadel |
| 9:38 | Gargoyle |
| 9:43 | Improved Creature Attack |
| 9:43 | Advanced Creature Attack |
| 10:01 | Frost Nova |
| 10:28 | Gargoyle |
| 10:35 | Slaughterhouse |
| 11:43 | Unholy Aura |
| 12:11 | Acolyte |
| 12:12 | Acolyte |
| 12:14 | Obsidian Statue |
| 12:14 | Obsidian Statue |
| 12:18 | Scroll of Town Portal |
| 12:19 | Potion of Healing |
| 12:21 | Potion of Mana |
| 12:34 | Scroll of Town Portal |
| 12:35 | Orb of Corruption |
| 12:43 | Rod of Necromancy |
| 12:43 | Rod of Necromancy |
| 12:53 | Tomb of Relics |
| 12:54 | Tomb of Relics |
| 12:56 | Ziggurat |
| 12:57 | Ziggurat |
| 13:02 | Ziggurat |
| 14:07 | Stone Form |
| 14:43 | Crypt |
| 14:45 | Crypt |
| 14:58 | Scroll of Town Portal |
| 15:00 | Tomb of Relics |
| 15:02 | Tomb of Relics |
| 15:08 | Gargoyle |
| 15:34 | Dark Ritual |
| 15:59 | Gargoyle |
| 16:02 | Ghoul |
| 16:26 | Scroll of Healing |
| 16:52 | Meat Wagon |
| 16:54 | Slaughterhouse |
| 16:56 | Nerubian Tower |
| 16:59 | Spirit Tower |
| 17:01 | Nerubian Tower |
| 17:18 | Staff of Sanctuary |
| 18:13 | Gargoyle |
| 18:51 | Scroll of Healing |
| 18:52 | Scroll of Town Portal |
| 19:08 | Vampiric Aura |
| 19:49 | Acolyte |
| 19:53 | Scroll of Town Portal |
| 20:04 | Death Coil |
| 20:11 | Necropolis |
| 20:24 | Improved Creature Carapace |
| 20:32 | Abomination |
| 20:32 | Disease Cloud |
| 20:46 | Sleep |
| 20:57 | Ghoul |
| 21:31 | Staff of Sanctuary |
| 21:49 | Acolyte |
| 21:50 | Acolyte |
| 21:52 | Acolyte |
| 22:08 | Advanced Creature Carapace |
| 22:24 | Ghoul Frenzy |
| 23:21 | Destroyer Form |
| 23:29 | Unholy Aura |
| 24:00 | Ziggurat |
| 24:04 | Gargoyle |
| 24:07 | Ziggurat |
| 24:16 | Obsidian Statue |
| 24:24 | Frost Nova |
| 24:26 | Vampiric Aura |
| 24:49 | Acolyte |
| 24:49 | Acolyte |
| 26:24 | Gargoyle |
| 27:39 | Boneyard |
| 27:43 | Boneyard |
| 28:54 | Death Coil |
| 29:35 | Scroll of Town Portal |
| 29:37 | Potion of Mana |
| 29:39 | Scroll of Healing |
| 29:41 | Scroll of Town Portal |
| 29:48 | Scroll of Town Portal |
| 29:49 | Scroll of Healing |
| 29:50 | Potion of Healing |
| 30:05 | Gargoyle |
| 30:21 | Sleep |
| 30:44 | Ziggurat |
| 30:45 | Ziggurat |
| 30:59 | Scroll of Town Portal |
| 31:01 | Scroll of Healing |
| 31:13 | Death and Decay |
| 31:54 | Acolyte |
| 31:54 | Acolyte |
| 33:37 | Rod of Necromancy |
| 33:37 | Rod of Necromancy |
| 33:37 | Rod of Necromancy |
| 33:55 | Unholy Aura |
| 34:06 | Necropolis |
| 34:20 | Rod of Necromancy |
| 34:28 | Sacrificial Skull |
| 34:31 | Necropolis |
| 35:01 | Sleep |
| 35:58 | Acolyte |
| 36:00 | Acolyte |
| 36:38 | Acolyte |
| 36:56 | Acolyte |
| 37:23 | Staff of Teleportation |
| 37:24 | Staff of Teleportation |
| 37:24 | Staff of Teleportation |
| 40:50 | Obsidian Statue |
| Right click | 1976 |
| Select group | 1720 |
| Select | 545 |
| Chat | 304 |
| Build/train/purchase | 223 |
| Use ability | 171 |
| Assign group | 72 |
| Misc. action | 56 |
| Resource trade | 35 |
| Minimap ping | 31 |
| Item give/drop | 7 |
| Esc | 4 |
| Remove unit | 2 |
273 units @ 35.8k
/ 6.5k
121 buildings @ 17.4k
/ 8.3k


| Scroll of Healing | 4 | 1000 |
| Scroll of Town Portal | 6 | 2100 |
| Scroll of Protection | 1 | 150 |
| total: | 11 | 3250g |
| Wisp | 19 | 1140 | / | 0 |
| Archer | 32 | 4160 | / | 320 |
| Hippogryph | 10 | 1600 | / | 200 |
| Druid of the Talon | 7 | 1015 | / | 140 |
| total: | 68 | 7915g | / | 660w |
| Ancient Protector | 2 | 270 | / | 160 |
| Ancient of War | 2 | 300 | / | 120 |
| Altar of Elders | 1 | 180 | / | 50 |
| Moon Well | 9 | 1620 | / | 360 |
| Hunter's Hall | 1 | 210 | / | 100 |
| Ancient of Wonders | 1 | 90 | / | 30 |
| Tree of Life | 1 | 340 | / | 185 |
| Ancient of Wind | 3 | 450 | / | 420 |
| Tree of Ages | 1 | 320 | / | 180 |
| Tree of Eternity | 1 | 330 | / | 200 |
| total: | 20 | 3460g | / | 1425w |
| 0:02 | Wisp |
| 0:02 | Wisp |
| 0:14 | Ancient of War |
| 0:21 | Altar of Elders |
| 0:31 | Wisp |
| 0:36 | Moon Well |
| 0:47 | Wisp |
| 1:00 | Wisp |
| 1:33 | Archer |
| 1:40 | Moon Well |
| 1:45 | Wisp |
| 1:52 | Archer |
| 2:05 | Archer |
| 2:28 | Entangling Roots |
| 2:39 | Moon Well |
| 2:51 | Archer |
| 2:57 | Moon Well |
| 3:03 | Wisp |
| 3:03 | Wisp |
| 3:11 | Hunter's Hall |
| 3:15 | Moon Well |
| 3:29 | Archer |
| 3:42 | Archer |
| 3:59 | Archer |
| 4:12 | Archer |
| 4:22 | Strength of the Moon |
| 4:27 | Archer |
| 4:37 | Force of Nature |
| 4:56 | Archer |
| 5:10 | Wisp |
| 5:10 | Wisp |
| 5:16 | Ancient of Wonders |
| 5:31 | Archer |
| 5:47 | Ancient Protector |
| 5:51 | Ancient Protector |
| 6:07 | Tree of Ages |
| 6:19 | Force of Nature |
| 7:03 | Moon Armor |
| 7:08 | Moon Well |
| 7:15 | Archer |
| 7:24 | Archer |
| 7:40 | Entangling Roots |
| 7:55 | Archer |
| 8:22 | Tree of Life |
| 8:28 | Moon Well |
| 8:42 | Improved Bows |
| 8:58 | Wisp |
| 8:59 | Wisp |
| 8:59 | Wisp |
| 9:31 | Moon Well |
| 9:40 | Ancient of Wind |
| 9:41 | Wisp |
| 9:42 | Wisp |
| 10:37 | Wisp |
| 10:37 | Wisp |
| 10:37 | Wisp |
| 10:41 | Moon Well |
| 10:48 | Archer |
| 10:50 | Force of Nature |
| 11:07 | Ancient of Wind |
| 11:10 | Ancient of Wind |
| 12:06 | Trueshot Aura |
| 12:06 | Searing Arrows |
| 12:10 | Archer |
| 12:10 | Archer |
| 12:20 | Wisp |
| 12:23 | Hippogryph |
| 12:36 | Archer |
| 12:36 | Archer |
| 12:40 | Hippogryph |
| 13:00 | Improved Strength of the Moon |
| 13:05 | Ancient of War |
| 13:15 | Hippogryph |
| 13:17 | Archer |
| 13:32 | Archer |
| 14:12 | Hippogryph |
| 14:41 | Hippogryph |
| 14:51 | Trueshot Aura |
| 14:56 | Hippogryph |
| 15:41 | Scroll of Healing |
| 15:41 | Scroll of Healing |
| 15:42 | Scroll of Town Portal |
| 15:43 | Scroll of Protection |
| 15:43 | Scroll of Town Portal |
| 15:57 | Archer |
| 16:29 | Druid of the Talon |
| 16:47 | Druid of the Talon |
| 17:25 | Druid of the Talon |
| 18:02 | Hippogryph |
| 18:44 | Reinforced Hides |
| 18:51 | Searing Arrows |
| 18:55 | Scroll of Town Portal |
| 19:20 | Trueshot Aura |
| 19:21 | Tranquility |
| 19:38 | Scroll of Town Portal |
| 20:22 | Druid of the Talon |
| 20:41 | Archer |
| 21:27 | Druid of the Talon |
| 21:49 | Druid of the Talon Adept Training |
| 22:23 | Archer |
| 22:24 | Druid of the Talon |
| 22:57 | Archer |
| 23:43 | Improved Moon Armor |
| 24:42 | Archer |
| 24:42 | Hippogryph |
| 24:52 | Starfall |
| 24:57 | Archer |
| 25:52 | Tree of Eternity |
| 26:18 | Scroll of Town Portal |
| 26:23 | Scroll of Healing |
| 27:28 | Entangling Roots |
| 27:41 | Archer |
| 27:42 | Hippogryph |
| 27:57 | Scroll of Healing |
| 28:04 | Druid of the Talon |
| 28:24 | Marksmanship |
| 28:58 | Druid of the Talon Master Training |
| 28:59 | Archer |
| 30:41 | Archer |
| 30:42 | Hippogryph |
| 31:42 | Archer |
| 32:23 | Nature's Blessing |
| 34:21 | Scroll of Town Portal |
| 35:22 | Archer |
| Right click | 2020 |
| Select group | 965 |
| Select | 809 |
| Build/train/purchase | 153 |
| Assign group | 73 |
| Use ability | 72 |
| Chat | 49 |
| Minimap ping | 29 |
| Item give/drop | 17 |
| Misc. action | 10 |


| Potion of Healing | 1 | 150 |
| Orb of Fire | 1 | 325 |
| Scroll of Town Portal | 5 | 1750 |
| Scroll of Speed | 1 | 50 |
| total: | 8 | 2275g |
| Peasant | 29 | 2175 | / | 0 |
| Flying Machine | 30 | 3000 | / | 900 |
| Siege Engine | 5 | 975 | / | 300 |
| Mortar Team | 8 | 1440 | / | 560 |
| Goblin Shredder | 2 | 750 | / | 200 |
| total: | 74 | 8340g | / | 1960w |
| Scout Tower | 8 | 240 | / | 160 |
| Guard Tower | 5 | 350 | / | 250 |
| Altar of Kings | 1 | 180 | / | 50 |
| Farm | 16 | 1280 | / | 320 |
| Arcane Vault | 2 | 260 | / | 60 |
| Lumber Mill | 1 | 120 | / | 0 |
| Blacksmith | 1 | 140 | / | 60 |
| Barracks | 1 | 160 | / | 60 |
| Town Hall | 3 | 1155 | / | 615 |
| Cannon Tower | 2 | 240 | / | 200 |
| Workshop | 4 | 560 | / | 560 |
| Keep | 1 | 320 | / | 210 |
| Castle | 1 | 360 | / | 210 |
| total: | 37 | 4095g | / | 1885w |
| 0:02 | Peasant |
| 0:02 | Peasant |
| 0:03 | Peasant |
| 0:03 | Peasant |
| 0:03 | Peasant |
| 0:03 | Peasant |
| 0:07 | Peasant |
| 0:54 | Altar of Kings |
| 0:57 | Farm |
| 1:01 | Farm |
| 1:06 | Peasant |
| 1:07 | Peasant |
| 1:07 | Peasant |
| 1:12 | Peasant |
| 1:36 | Farm |
| 1:50 | Arcane Vault |
| 2:00 | Lumber Mill |
| 2:14 | Farm |
| 2:36 | Blacksmith |
| 2:50 | Keep |
| 3:02 | Summon Water Elemental |
| 4:26 | Barracks |
| 5:21 | Brilliance Aura |
| 5:24 | Town Hall |
| 5:31 | Farm |
| 5:33 | Farm |
| 5:50 | Peasant |
| 5:50 | Peasant |
| 5:50 | Peasant |
| 5:50 | Peasant |
| 5:50 | Peasant |
| 5:50 | Peasant |
| 5:50 | Peasant |
| 6:08 | Scout Tower |
| 6:12 | Scout Tower |
| 6:39 | Farm |
| 6:40 | Guard Tower |
| 6:46 | Farm |
| 6:56 | Guard Tower |
| 7:23 | Scout Tower |
| 7:36 | Scout Tower |
| 7:59 | Guard Tower |
| 8:09 | Guard Tower |
| 8:39 | Scout Tower |
| 9:05 | Arcane Vault |
| 9:13 | Castle |
| 9:19 | Town Hall |
| 9:25 | Black Gunpowder |
| 9:29 | Guard Tower |
| 9:41 | Potion of Healing |
| 9:46 | Improved Masonry |
| 9:58 | Workshop |
| 10:01 | Workshop |
| 10:04 | Workshop |
| 10:17 | Improved Lumber Harvesting |
| 10:22 | Goblin Shredder |
| 10:31 | Holy Light |
| 10:54 | Workshop |
| 11:05 | Flying Machine |
| 11:06 | Flying Machine |
| 11:09 | Flying Machine |
| 11:23 | Flak Cannons |
| 11:25 | Flying Machine |
| 11:26 | Flying Machine |
| 11:29 | Farm |
| 11:31 | Studded Leather Armor |
| 11:44 | Flying Machine |
| 11:48 | Farm |
| 11:50 | Advanced Lumber Harvesting |
| 12:02 | Flying Machine |
| 12:03 | Flying Machine Bombs |
| 12:04 | Flying Machine |
| 12:07 | Farm |
| 12:39 | Refined Gunpowder |
| 12:41 | Siege Engine |
| 12:58 | Barrage |
| 13:00 | Siege Engine |
| 13:04 | Farm |
| 13:08 | Peasant |
| 13:09 | Peasant |
| 13:09 | Peasant |
| 13:09 | Peasant |
| 13:11 | Farm |
| 13:13 | Farm |
| 13:14 | Advanced Masonry |
| 14:02 | Imbued Gunpowder |
| 14:02 | Reinforced Leather Armor |
| 14:05 | Siege Engine |
| 14:50 | Scroll of Town Portal |
| 14:50 | Scroll of Speed |
| 15:29 | Flying Machine |
| 15:29 | Flying Machine |
| 15:29 | Flying Machine |
| 15:33 | Animal War Training |
| 15:35 | Imbued Masonry |
| 17:04 | Divine Shield |
| 17:30 | Flying Machine |
| 17:30 | Flying Machine |
| 17:30 | Flying Machine |
| 17:30 | Flying Machine |
| 17:30 | Flying Machine |
| 17:30 | Flying Machine |
| 17:31 | Flying Machine |
| 17:54 | Goblin Shredder |
| 17:57 | Farm |
| 18:01 | Farm |
| 18:25 | Town Hall |
| 19:52 | Summon Water Elemental |
| 20:00 | Scout Tower |
| 20:05 | Flying Machine |
| 20:08 | Dragonhide Armor |
| 20:46 | Cannon Tower |
| 20:47 | Scout Tower |
| 20:50 | Mortar Team |
| 21:22 | Cannon Tower |
| 21:23 | Scout Tower |
| 21:26 | Mortar Team |
| 22:24 | Fragmentation Shards |
| 22:24 | Flare |
| 22:25 | Mortar Team |
| 22:26 | Mortar Team |
| 22:51 | Scroll of Town Portal |
| 23:04 | Scroll of Town Portal |
| 23:21 | Devotion Aura |
| 23:35 | Orb of Fire |
| 23:42 | Mortar Team |
| 23:56 | Scroll of Town Portal |
| 24:40 | Siege Engine |
| 25:40 | Siege Engine |
| 25:46 | Peasant |
| 25:46 | Peasant |
| 28:26 | Peasant |
| 28:39 | Mortar Team |
| 29:00 | Peasant |
| 29:00 | Peasant |
| 29:00 | Peasant |
| 29:01 | Peasant |
| 29:06 | Mortar Team |
| 29:48 | Mortar Team |
| 30:34 | Flying Machine |
| 30:35 | Flying Machine |
| 30:43 | Scroll of Town Portal |
| 30:49 | Flying Machine |
| 33:48 | Flying Machine |
| 34:05 | Flying Machine |
| 34:39 | Flying Machine |
| 34:41 | Flying Machine |
| 35:39 | Flying Machine |
| 35:59 | Flying Machine |
| 36:47 | Flying Machine |
| 36:48 | Flying Machine |
| Right click | 1443 |
| Select group | 977 |
| Select | 633 |
| Build/train/purchase | 141 |
| Assign group | 31 |
| Use ability | 31 |
| Resource trade | 11 |
| Misc. action | 9 |
| Minimap ping | 5 |
| Remove unit | 3 |

| Healing Salve | 3 | 300 |
| Lesser Clarity Potion | 3 | 210 |
| Potion of Healing | 3 | 450 |
| Potion of Mana | 3 | 600 |
| Orb of Lightning | 1 | 375 |
| Tiny Great Hall | 1 | 600 |
| Scroll of Town Portal | 3 | 1050 |
| Scroll of Healing | 1 | 250 |
| Boots of Speed | 1 | 250 |
| Potion of Lesser Invulnerability | 1 | 150 |
| total: | 20 | 4235g |
| Peon | 13 | 975 | / | 0 |
| Wind Rider | 8 | 2120 | / | 320 |
| Troll Batrider | 2 | 320 | / | 80 |
| Raider | 2 | 360 | / | 80 |
| Goblin Sapper | 17 | 3655 | / | 1700 |
| Goblin Shredder | 1 | 375 | / | 100 |
| total: | 43 | 7805g | / | 2280w |
| Watch Tower | 17 | 1870 | / | 1360 |
| Altar of Storms | 2 | 360 | / | 100 |
| Orc Burrow | 6 | 960 | / | 240 |
| War Mill | 1 | 205 | / | 0 |
| Voodoo Lounge | 1 | 130 | / | 30 |
| Great Hall | 2 | 770 | / | 370 |
| Beastiary | 2 | 290 | / | 280 |
| Stronghold | 1 | 315 | / | 190 |
| Fortress | 1 | 325 | / | 190 |
| total: | 31 | 4585g | / | 2380w |
| 0:04 | Peon |
| 0:04 | Peon |
| 0:09 | Altar of Storms |
| 0:22 | Orc Burrow |
| 0:24 | Peon |
| 0:37 | Peon |
| 0:52 | War Mill |
| 1:03 | Voodoo Lounge |
| 1:07 | Peon |
| 1:25 | Peon |
| 1:39 | Peon |
| 2:09 | Peon |
| 2:11 | Healing Salve |
| 2:11 | Lesser Clarity Potion |
| 2:14 | Wind Walk |
| 2:25 | Stronghold |
| 4:37 | Orc Burrow |
| 4:41 | Orc Burrow |
| 4:51 | Beastiary |
| 4:58 | Beastiary |
| 6:07 | Wind Rider |
| 6:15 | Orc Burrow |
| 6:36 | Critical Strike |
| 6:45 | Wind Rider |
| 6:51 | Reinforced Defenses |
| 6:53 | Lesser Clarity Potion |
| 6:54 | Healing Salve |
| 6:57 | Scroll of Town Portal |
| 7:01 | Potion of Healing |
| 7:03 | Potion of Mana |
| 8:53 | Wind Rider |
| 9:10 | Watch Tower |
| 9:13 | Watch Tower |
| 9:15 | Watch Tower |
| 9:23 | Scroll of Town Portal |
| 9:24 | Potion of Healing |
| 9:26 | Healing Salve |
| 9:54 | Critical Strike |
| 10:07 | Wind Rider |
| 10:14 | Orc Burrow |
| 11:40 | Wind Rider |
| 11:45 | Watch Tower |
| 11:57 | Wind Walk |
| 12:14 | Spiked Barricades |
| 12:19 | Watch Tower |
| 12:52 | Wind Rider |
| 14:08 | Wind Rider |
| 14:12 | Orc Burrow |
| 16:12 | Goblin Sapper |
| 16:12 | Goblin Sapper |
| 16:12 | Goblin Sapper |
| 16:12 | Goblin Sapper |
| 16:57 | Critical Strike |
| 17:19 | Wind Rider |
| 18:03 | Goblin Sapper |
| 18:03 | Goblin Sapper |
| 18:03 | Goblin Sapper |
| 19:15 | Altar of Storms |
| 19:24 | Great Hall |
| 20:52 | Fortress |
| 22:03 | Goblin Shredder |
| 22:14 | Great Hall |
| 22:20 | Watch Tower |
| 22:22 | Watch Tower |
| 22:24 | Watch Tower |
| 22:26 | Watch Tower |
| 22:29 | Watch Tower |
| 22:40 | Goblin Sapper |
| 22:44 | Goblin Sapper |
| 22:57 | Ensnare |
| 24:09 | Watch Tower |
| 24:11 | Watch Tower |
| 24:15 | Watch Tower |
| 24:21 | Watch Tower |
| 24:30 | Watch Tower |
| 24:32 | Watch Tower |
| 24:35 | Boots of Speed |
| 25:20 | Goblin Sapper |
| 25:21 | Goblin Sapper |
| 25:56 | Bladestorm |
| 26:16 | Watch Tower |
| 26:27 | Troll Batrider |
| 26:27 | Troll Batrider |
| 26:29 | Steel Ranged Weapons |
| 26:38 | Orb of Lightning |
| 26:51 | Raider |
| 27:47 | Potion of Mana |
| 27:51 | Potion of Healing |
| 29:18 | Tiny Great Hall |
| 29:50 | Potion of Mana |
| 29:54 | Lesser Clarity Potion |
| 30:44 | Peon |
| 30:44 | Peon |
| 30:45 | Peon |
| 30:45 | Peon |
| 30:45 | Peon |
| 30:52 | Raider |
| 31:39 | Wind Walk |
| 32:00 | Scroll of Town Portal |
| 32:04 | Scroll of Healing |
| 32:07 | Potion of Lesser Invulnerability |
| 33:13 | Goblin Sapper |
| 33:14 | Goblin Sapper |
| 34:06 | Goblin Sapper |
| 34:06 | Goblin Sapper |
| 34:06 | Goblin Sapper |
| 34:06 | Goblin Sapper |
| Right click | 830 |
| Select | 341 |
| Chat | 240 |
| Build/train/purchase | 129 |
| Resource trade | 37 |
| Use ability | 34 |
| Item give/drop | 6 |
| Minimap ping | 1 |



| Healing Salve | 5 | 500 |
| Lesser Clarity Potion | 10 | 700 |
| Potion of Healing | 6 | 900 |
| Potion of Mana | 2 | 400 |
| Scroll of Speed | 4 | 200 |
| Orb of Lightning | 1 | 375 |
| Scroll of Town Portal | 6 | 2100 |
| Scroll of Protection | 1 | 150 |
| Potion of Lesser Invulnerability | 1 | 150 |
| total: | 36 | 5475g |
| Peon | 12 | 900 | / | 0 |
| Troll Headhunter | 8 | 1120 | / | 160 |
| Troll Witch Doctor | 18 | 2610 | / | 450 |
| Troll Berserker | 27 | 3780 | / | 540 |
| Shaman | 15 | 1950 | / | 300 |
| Wind Rider | 2 | 530 | / | 80 |
| Archer | 4 | 520 | / | 40 |
| Hippogryph | 2 | 320 | / | 40 |
| total: | 88 | 11730g | / | 1610w |
| Watch Tower | 15 | 1650 | / | 1200 |
| Orc Burrow | 8 | 1280 | / | 320 |
| Altar of Storms | 1 | 180 | / | 50 |
| Voodoo Lounge | 1 | 130 | / | 30 |
| Barracks | 1 | 180 | / | 50 |
| War Mill | 1 | 205 | / | 0 |
| Great Hall | 3 | 1155 | / | 555 |
| Spirit Lodge | 2 | 300 | / | 300 |
| Beastiary | 1 | 145 | / | 140 |
| Stronghold | 1 | 315 | / | 190 |
| Fortress | 1 | 325 | / | 190 |
| total: | 33 | 5225g | / | 2645w |
| 0:03 | Peon |
| 0:03 | Peon |
| 0:09 | Orc Burrow |
| 0:16 | Altar of Storms |
| 0:20 | Peon |
| 0:36 | Peon |
| 0:49 | Peon |
| 1:01 | Peon |
| 1:07 | Voodoo Lounge |
| 1:25 | Barracks |
| 1:28 | Peon |
| 1:43 | War Mill |
| 1:48 | Peon |
| 2:11 | Orc Burrow |
| 2:16 | Healing Salve |
| 2:21 | Lesser Clarity Potion |
| 2:30 | Wind Walk |
| 2:35 | Peon |
| 2:55 | Troll Headhunter |
| 4:05 | Orc Burrow |
| 4:07 | Stronghold |
| 4:08 | Troll Headhunter |
| 4:41 | Troll Headhunter |
| 4:45 | Steel Ranged Weapons |
| 5:08 | Troll Headhunter |
| 6:19 | Troll Headhunter |
| 6:21 | Steel Armor |
| 6:53 | Critical Strike |
| 7:12 | Fortress |
| 7:13 | Troll Regeneration |
| 7:27 | Spirit Lodge |
| 7:31 | Spirit Lodge |
| 7:32 | Troll Headhunter |
| 7:46 | Lesser Clarity Potion |
| 7:47 | Healing Salve |
| 8:07 | Troll Headhunter |
| 8:15 | Orc Burrow |
| 8:55 | Troll Headhunter |
| 8:58 | Witch Doctor Adept Training |
| 9:01 | Troll Witch Doctor |
| 9:09 | Feral Spirit |
| 9:22 | Thorium Ranged Weapons |
| 10:41 | Chain Lighting |
| 10:46 | Witch Doctor Master Training |
| 10:47 | Troll Witch Doctor |
| 10:48 | Berserker Upgrade |
| 10:50 | Arcanite Ranged Weapons |
| 11:06 | Critical Strike |
| 11:30 | Scroll of Town Portal |
| 11:30 | Potion of Healing |
| 11:36 | Healing Salve |
| 11:42 | Potion of Healing |
| 11:44 | Potion of Mana |
| 11:51 | Troll Berserker |
| 11:53 | Reinforced Defenses |
| 11:58 | Watch Tower |
| 13:02 | Great Hall |
| 13:08 | Troll Berserker |
| 13:10 | Troll Witch Doctor |
| 13:11 | Troll Witch Doctor |
| 13:17 | Lesser Clarity Potion |
| 13:17 | Healing Salve |
| 13:57 | Troll Berserker |
| 13:59 | Thorium Armor |
| 14:08 | Orc Burrow |
| 15:44 | Troll Witch Doctor |
| 15:45 | Troll Witch Doctor |
| 15:49 | Troll Berserker |
| 16:00 | Peon |
| 16:15 | Troll Berserker |
| 16:16 | Shaman Adept Training |
| 16:18 | Shaman |
| 16:33 | Watch Tower |
| 16:37 | Troll Berserker |
| 17:18 | Troll Berserker |
| 17:20 | Shaman Master Training |
| 17:21 | Shaman |
| 17:23 | Arcanite Armor |
| 17:46 | Wind Walk |
| 17:56 | Watch Tower |
| 18:00 | Watch Tower |
| 18:03 | Shaman |
| 18:05 | Troll Berserker |
| 18:52 | Scroll of Town Portal |
| 18:53 | Lesser Clarity Potion |
| 18:53 | Scroll of Speed |
| 19:17 | Watch Tower |
| 19:24 | Feral Spirit |
| 19:25 | Critical Strike |
| 19:55 | Shaman |
| 19:58 | Shaman |
| 20:03 | Troll Berserker |
| 20:04 | Troll Berserker |
| 20:04 | Troll Berserker |
| 20:04 | Troll Berserker |
| 20:06 | Spiked Barricades |
| 20:11 | Orc Burrow |
| 20:25 | Scroll of Protection |
| 20:58 | Watch Tower |
| 21:01 | Shockwave |
| 21:03 | Scroll of Town Portal |
| 21:04 | Orb of Lightning |
| 21:04 | Potion of Healing |
| 21:04 | Healing Salve |
| 21:05 | Lesser Clarity Potion |
| 21:06 | Scroll of Speed |
| 21:08 | Troll Witch Doctor |
| 21:09 | Shaman |
| 21:29 | Troll Berserker |
| 21:30 | Troll Berserker |
| 21:30 | Troll Berserker |
| 21:39 | Improved Spiked Barricades |
| 21:42 | Troll Witch Doctor |
| 21:49 | Orc Burrow |
| 22:38 | Chain Lighting |
| 22:53 | Endurance Aura |
| 24:04 | Bladestorm |
| 24:13 | Shaman |
| 24:14 | Troll Witch Doctor |
| 24:16 | Troll Berserker |
| 24:16 | Troll Berserker |
| 24:23 | Orc Burrow |
| 24:26 | Watch Tower |
| 24:34 | Scroll of Town Portal |
| 26:28 | Watch Tower |
| 26:44 | Watch Tower |
| 26:47 | Troll Berserker |
| 26:47 | Troll Berserker |
| 26:47 | Troll Berserker |
| 26:48 | Troll Berserker |
| 26:49 | Troll Witch Doctor |
| 26:49 | Troll Witch Doctor |
| 26:50 | Shaman |
| 26:50 | Shaman |
| 26:54 | Peon |
| 26:54 | Peon |
| 27:30 | Potion of Healing |
| 27:33 | Lesser Clarity Potion |
| 27:36 | Potion of Healing |
| 27:50 | Endurance Aura |
| 27:56 | Watch Tower |
| 27:58 | Troll Witch Doctor |
| 27:58 | Troll Witch Doctor |
| 28:22 | Chain Lighting |
| 29:07 | Watch Tower |
| 29:55 | Shaman |
| 29:55 | Shaman |
| 29:57 | Troll Witch Doctor |
| 29:57 | Troll Witch Doctor |
| 29:58 | Troll Berserker |
| 29:58 | Troll Berserker |
| 29:58 | Troll Berserker |
| 30:03 | Beastiary |
| 30:08 | Watch Tower |
| 30:16 | Potion of Healing |
| 30:23 | Lesser Clarity Potion |
| 30:28 | Lesser Clarity Potion |
| 30:29 | Scroll of Speed |
| 30:29 | Potion of Mana |
| 30:44 | Great Hall |
| 32:01 | Wind Rider |
| 32:01 | Envenomed Spears |
| 32:05 | Scroll of Town Portal |
| 32:07 | Lesser Clarity Potion |
| 32:07 | Lesser Clarity Potion |
| 32:10 | Scroll of Speed |
| 32:14 | Watch Tower |
| 34:13 | Wind Rider |
| 34:19 | Watch Tower |
| 34:24 | Watch Tower |
| 34:45 | Troll Witch Doctor |
| 34:45 | Troll Witch Doctor |
| 34:47 | Shaman |
| 34:48 | Shaman |
| 34:48 | Shaman |
| 35:15 | Troll Berserker |
| 35:15 | Troll Berserker |
| 35:27 | Scroll of Town Portal |
| 35:28 | Potion of Lesser Invulnerability |
| 36:36 | Great Hall |
| 39:51 | Archer |
| 39:51 | Archer |
| 39:52 | Hippogryph |
| 39:53 | Hippogryph |
| 39:55 | Archer |
| 39:55 | Archer |
| 40:27 | Troll Berserker |
| 40:28 | Shaman |
| 40:29 | Troll Witch Doctor |
| Right click | 833 |
| Select | 569 |
| Select group | 384 |
| Build/train/purchase | 258 |
| Use ability | 87 |
| Assign group | 32 |
| Misc. action | 22 |
| Chat | 21 |
| Minimap ping | 7 |
| Item give/drop | 4 |
⇛